 Dungeon Crawl Stone Soup version 0.28.0-47-ge53b351184 (webtiles) character file.

Game seed: 3875835971527358974

53 Exodus22XD the Covered (level 3, -1/33 HPs)
             Began as a Minotaur Fighter on May 7, 2022.
             Slain by a gnoll
             ... wielding a +1 flail of protection
              (7 damage)
             ... on level 3 of the Dungeon.
             The game lasted 00:01:20 (1840 turns).

Exodus22XD the Covered (Minotaur Fighter)           Turns: 1840, Time: 00:01:21

Health: -1/33      AC:  9    Str: 22    XL:     3   Next: 64%
Magic:  2/2        EV:  9    Int:  5    God:
Gold:   11         SH:  4    Dex:  9    Spells: 2/2 levels left

rFire   . . .      SeeInvis .   a - +0 war axe
rCold   + . .      Faith    .   c - +0 buckler
rNeg    . . .      Spirit   .   b - +0 scale mail
rPois   .          Reflect  .   g - +2 hat
rElec   .          Harm     .   (no cloak)
rCorr   .          Rampage  .   (no gloves)
Will    .....                   (no boots)
Stlth   ..........              (no amulet)
HPRegen 0.11/turn               i - ring of protection from cold
MPRegen 0.08/turn               (no ring)

@: no status effects
A: horns 2, retaliatory headbutt
a: no special abilities


You were on level 3 of the Dungeon.
You visited 1 branch of the dungeon, and saw 3 of its levels.

You collected 11 gold pieces.

Inventory:

Hand Weapons
 a - a +0 war axe (weapon)
Armour
 b - a +0 scale mail (worn)
 c - a +0 buckler (worn)
 g - a +2 hat (worn)
Jewellery
 i - a ring of protection from cold (left hand)
Scrolls
 f - a scroll of amnesia {unknown}
Potions
 d - a potion of might
 e - 2 potions of curing {unknown}
 h - 2 potions of invisibility {unknown}


   Skills:
 + Level 4.2 Fighting
 + Level 3.5 Axes
 + Level 4.2 Armour
 + Level 4.0 Shields


You had 2 spell levels left.
You didn't know any spells.
Your spell library contained the following spells:

 Spells                   Type           Power      Damage    Failure   Level
 Dazzling Flash           Conj/Hex       0%         N/A       99%         3
 Agony                    Necr           0%         N/A       100%        5
 Silence                  Hex/Air        0%         N/A       100%        5


Dungeon Overview and Level Annotations

Branches:
Dungeon (3/15)

Altars:
Kikubaaqudgha

Shops:
D:2 (


Innate Abilities, Weirdness & Mutations

You have a pair of horns on your head.
You reflexively headbutt those who attack you in melee.


Message History

You slash the kobold!
You kill the kobold!
The gnoll hits you but does no damage.
Your Shields skill increases to level 4!
You block the gnoll's attack. The gnoll hits you with a +0 whip.
You see here a quokka corpse.
You barely miss the gnoll. You completely miss the gnoll.
You barely miss the gnoll shaman. The gnoll hits you with a +0 halberd.
You block the gnoll's attack.
A gnoll comes into view.
It is wielding a +1 flail of protection.
You block the gnoll shaman's attack.
The gnoll shouts!
You hit the gnoll but do no damage. You barely miss the gnoll shaman.
You slash the gnoll!
You hear a shout!
The gnoll hits you with a +0 halberd. The gnoll misses you.
You furiously retaliate!
You headbutt the gnoll.
The gnoll shaman hits you but does no damage.
You block the gnoll's attack. The gnoll hits you but does no damage.
You hit the gnoll.
The gnoll is severely wounded.
You hit the gnoll shaman but do no damage.
You slash the gnoll!
The gnoll shaman hits you with a +0 club.
The gnoll barely misses you. You block the gnoll's attack.
The gnoll shaman misses you.
You closely miss the gnoll.
The gnoll is severely wounded.
You hit the gnoll.
You kill the gnoll!
You slash the gnoll shaman! The gnoll hits you with a +0 halberd!
The gnoll shaman hits you with a +0 club.
You hear a shout!
You hear a shout!
The gnoll barely misses you.
There is a stone staircase leading up here.
The gnoll hits you from afar with a +0 halberd.
* * * LOW HITPOINT WARNING * * *
The gnoll hits you with a +1 flail of protection!
You die...

## .########
.......#
##.#.)..####
#.#.)#........
#..gg@...####
....##g####.#
# #. # ##


You could see a gnoll shaman and 2 gnolls.

Vanquished Creatures
  A gnoll (D:3)
  A worm (D:2)
  2 dart slugs
  An orc (D:2)
  2 endoplasms
  A giant cockroach (D:1)
  3 hobgoblins (D:1)
  2 jackals (D:1)
  4 quokkas
  A ball python (D:2)
  6 bats
  3 frilled lizards
  5 kobolds
  6 rats
38 creatures vanquished.

Vanquished Creatures (others)
  5 plants (D:3)
5 creatures vanquished.

Grand Total: 43 creatures vanquished

Notes
Turn   | Place    | Note
-------+----------+-------------------------------------------
     0 | D:1      | Exodus22XD the Minotaur Fighter began the quest for the
                  | Orb.
     0 | D:1      | Reached XP level 1. HP: 19/19 MP: 0/0
   180 | D:1      | Reached XP level 2. HP: 27/27 MP: 1/1
   853 | D:1      | You fall into a shaft and drop 1 floor!
   908 | D:2      | Reached XP level 3. HP: 29/33 MP: 2/2
   949 | D:2      | Found Avog's Antique Weapon Shoppe.
  1072 | D:2      | Found an ancient bone altar of Kikubaaqudgha.
  1840 | D:3      | Slain by a gnoll

Illustrated notes

Levels and vault maps discovered:
D:1:      amcnicky_arrival_flooded_fountain, layout_loops_ring
D:2:      minmay_chambers_of_ones, layout_loops_ring, basic_altar, serial_shops,
          shop
D:3:      layout_loops_cross, minitemple, nicolae_ecumenical_snake_handling,
          lexackson_kobold_supper

Skill      XL: |  1  2  3 |
---------------+----------+-----
Fighting       | 4 |  4.2
Armour         | 4 |  4.2
Axes           | 3 |  3.5
Shields        | 4 |  4.0

Action                   || total
-------------------------++-------
Melee: War axe           ||    81
       Headbutt          ||     7
Armor: Scale mail        ||    30
Dodge: Dodged            ||    35
Block: Buckler           ||    30
